 Dungeon Crawl Stone Soup version 0.17-b1-15-g0f5fb43 (webtiles) character file.

18 Hanyuu the Insei (level 2, -1/18 HPs)
             Began as an Octopode Transmuter on Nov 4, 2015.
             Slain by a gnoll
             ... wielding a +2 whip of pain
              (5 damage)
             ... on level 1 of the Dungeon.
             The game lasted 00:00:48 (793 turns).

Hanyuu the Insei (Octopode Transmuter)               Turns: 793, Time: 00:00:48

Health: -1/18      AC:  1    Str:  9    XL:     2   Next: 70%
Magic:  4/5        EV: 12    Int: 15    God:
Gold:   50         SH:  0    Dex: 12    Spells: 1 memorised, 4 levels left

rFire  . . .     SeeInvis .       - Unarmed
rCold  . . .     Clarity  .     (no shield)
rNeg   . . .     SustAt   .     (helmet restricted)
rPois  .         Gourm    .     (no amulet)
rElec  .         Spirit   .     (no ring)
rCorr  .         Warding  .     (no ring)
rMut   .         Stasis   .     (no ring)
MR     .....                    (no ring)
Stlth  ++........               (no ring)
                                (no ring)
                                (no ring)
                                (no ring)

@: appendage, not resistant to hostile enchantments, unstealthy
A: almost no armour, amphibious, 8 rings, constrict 8, tentacle spike 3,
camouflage 1, gelatinous body 1
a: End Transformation


You were on level 1 of the Dungeon.
You were not hungry.
One of your tentacles had a temporary spike.
You visited 1 branch of the dungeon, and saw 1 of its levels.

You collected 50 gold pieces.

Inventory:

Missiles
 a - 12 arrows
Jewellery
 g - a +3 ring of dexterity {unknown}
Scrolls
 e - 2 scrolls of identify {unknown}
Potions
 d - a potion of mutation {unknown}
 f - 3 potions of curing {unknown}
Books
 b - a book of Changes

   Spells                             Type                      Level
   a - Beastly Appendage              Transmutation                1
   b - Sticks to Snakes               Transmutation                2
   c - Spider Form                    Transmutation/Poison         3
   d - Ice Form                       Ice/Transmutation            4
   e - Blade Hands                    Transmutation                5
Comestibles
 c - a bread ration


   Skills:
 - Level 1.0 Fighting
 - Level 2.0 Dodging
 + Level 3.9 Unarmed Combat
 - Level 2.0 Spellcasting
 - Level 2.0 Transmutations


You had 4 spell levels left.
You knew the following spells:

 Your Spells              Type           Power        Failure   Level  Hunger
a - Beastly Appendage     Trmt           #.....       12%         1    #......


Dungeon Overview and Level Annotations

Branches:
Dungeon (1/15)

Altars:


Innate Abilities, Weirdness & Mutations

You cannot wear most types of armour.
You are amphibious.
You can wear up to eight rings at the same time.
You can use your tentacles to constrict eight enemies at once.
Your skin changes colour to match your surroundings (Stealth).
Your rubbery body absorbs attacks (AC +1).
One of your tentacles bears a large vicious spike.


Message History

The gnoll is moderately wounded.
You constrict the gnoll, but do no damage.
The gnoll hits you with a whip of pain.
You tentacle-slap the gnoll but do no damage.
The gnoll is moderately wounded.
You constrict the gnoll. The gnoll hits you with a whip of pain.
You release your grip on the gnoll.
Casting: Beastly Appendage
Confirm with . or Enter, or press ? or * to list all spells.
One of your tentacles grows a vicious spike.
The gnoll hits you with a whip of pain.
You tentacle-slap the gnoll. You grab the gnoll.
The gnoll is moderately wounded.
You constrict the gnoll, but do no damage.
The gnoll hits you with a whip of pain.
* * * LOW HITPOINT WARNING * * *
You tentacle-slap the gnoll. You squeeze the gnoll.
The gnoll is heavily wounded.
You constrict the gnoll. The gnoll hits you with a whip of pain.
You die...

#.#...####.........###
#.##.## ##.......##
#.#### ##.....## ......
##...## .....# ##+##
#.###.# .# #.# #. #.#
.# #.#
#.###l###.#####.#######
#....g@....(.....#.....
###.#.##.####......####
#.#.##.##........#
#.#.##.##.##..####
#.#.......##.##
#.####.#####.#
#............#
##############


You could see a gnoll and a giant gecko.

Vanquished Creatures
  5 bats (D:1)
  4 hobgoblins (D:1)
  3 giant newts (D:1)
  A goblin (D:1)
  2 kobolds (D:1)
  4 rats (D:1)
19 creatures vanquished.

Notes
Turn   | Place    | Note
--------------------------------------------------------------
     0 | D:1      | Hanyuu the Octopode Transmuter began the quest for the Orb.
     0 | D:1      | Reached XP level 1. HP: 13/13 MP: 3/3
   356 | D:1      | Reached XP level 2. HP: 15/18 MP: 5/5
   793 | D:1      | Slain by a gnoll

Action                   || total
-------------------------++-------
Melee: Unarmed           ||    46
 Cast: Beastly Appendage ||     1
 Stab: Sleeping          ||     4
